 Dungeon Crawl Stone Soup version 0.14-a0-2061-g6c6fb9c (webtiles) character file.

280 RedPan the Grave Robber (level 5, -3/35 HPs)
             Began as a Vampire Necromancer on Jan 21, 2014.
             Killed from afar by an orc wizard (8 damage)
             ... with a magic dart
             ... on Level 3 of the Dungeon.
             The game lasted 00:16:10 (3717 turns).

RedPan the Grave Robber (Vampire Necromancer)       Turns: 3717, Time: 00:16:11

HP  -3/35        AC  2     Str  8      XL: 5   Next: 26%
MP   7/13        EV 15     Int 17      God:
Gold 109         SH  0     Dex 14      Spells:  4 memorised,  3 levels left

rFire  . . .     SeeInvis +     f - +0 spear
rCold  + + .     Clarity  .     a - +0 robe
rNeg   + + +     Conserve .     (no shield)
rPois  +         rCorr    .     (no helmet)
rElec  .         rRot     +     (no cloak)
SustAb . .       Spirit   .     (no gloves)
rMut   .         Warding  .     (no boots)
Saprov . . .     Stasis   .     (no amulet)
MR     .....                    (no ring)
                                h - +3 ring of evasion

@: regenerating slowly, not resistant to hostile enchantments, stealthy
A: fangs 3, see invisible, unbreathing
a: Bat Form


You were on level 3 of the Dungeon.
You were near bloodless.

You visited 1 branch of the dungeon, and saw 4 of its levels.

You collected 109 gold pieces.

Inventory:

Hand weapons
 f - a +0,+0 spear (weapon)
Missiles
 n - 2 tomahawks of returning (quivered)
Armour
 a - a +0 robe (worn)
Magical devices
 c - a wand of draining (3)
Scrolls
 d - a scroll of enchant armour {unknown}
 g - a scroll of blinking
 j - a scroll of identify {unknown}
 k - a scroll of noise {unknown}
 l - a scroll of teleportation
 m - a scroll of curse weapon {unknown}
 o - a scroll of remove curse {unknown}
 p - a scroll of fog {unknown}
 q - a scroll of random uselessness {unknown}
 s - a scroll of magic mapping {unknown}
 u - 2 scrolls of amnesia {unknown}
Jewellery
 h - a +3 ring of evasion (left hand)
Potions
 e - a potion of speed {unknown}
 i - 4 potions of curing
 r - a potion of lignification
 t - a potion of brilliance {unknown}
Books
 b - a book of Necromancy

   Spells                             Type                      Level
   *Pain                              Necromancy                   1
   *Animate Skeleton                  Necromancy                   1
   Lethal Infusion                    Charms/Necromancy            2
   *Vampiric Draining                 Necromancy                   3
   Regeneration                       Charms/Necromancy            3
   *Animate Dead                      Necromancy                   4
   Control Undead                     Necromancy                   4


   Skills:
 - Level 2.1 Dodging
 - Level 3.0 Stealth
 - Level 4.0 Spellcasting
 + Level 5.8 Necromancy


You had 3 spell levels left.
You knew the following spells:

 Your Spells              Type           Power        Failure   Level  Hunger
a - Pain                  Necr           ###.         1%          1    None
b - Animate Skeleton      Necr           N/A          1%          1    None
c - Animate Dead          Necr           N/A          17%         4    ####...
d - Vampiric Draining     Necr           ###.......   6%          3    ###....


Dungeon Overview and Level Annotations

Branches:
Dungeon (4/16)
 Temple: D:4-7

Altars:


Innate Abilities, Weirdness & Mutations

You heal slowly.
You have razor-sharp teeth.*
You have supernaturally acute eyesight.
You can survive without breathing.*


Message History

Things that are here:
an orcish mace; an orcish ring mail; an orc corpse
Casting: Pain
Confirm with . or Enter, or press ? or * to list all spells.
Aiming: Pain
Press: ? - help, Shift-Dir - straight line, f - orc wizard
Aim: an orc wizard, wielding an orcish dagger and wearing an orcish robe (moving very quickly)
The orc wizard strains under the huge effort it takes to resist.
The orc wizard gestures at you while chanting.
The magic dart hits you!
* * * LOW HITPOINT WARNING * * *
Casting: Pain
Confirm with . or Enter, or press ? or * to list all spells.
Aiming: Pain
Press: ? - help, Shift-Dir - straight line, f/p - orc wizard
Aim: an orc wizard, wielding an orcish dagger and wearing an orcish robe (moving very quickly)
The orc wizard convulses in agony!
The orc wizard casts a spell at you. The magic dart hits you!
You die...

##.##.###### ######.#..#.##.#..#
#####.# #....#.............
....#.# #....#....#.##.#...
#.###.# #....#....####..... #.#
#.# #.o..#....####...## ..# #.#
#....#............. ..# #.#
#....+.....###.....
..###.#########z...##....# #.....
.....>.....)..z)@........# #...##
...........####.%..##....####.###
#.######...# #....##.........#
...........# ##.........#.#..#
...........# ##.........#.#..###
...........# #..................
...........# ##..#....#...#..##.
...........# #.................
...........# ##......#.>##.####


You could see an orc wizard, a friendly jackal zombie and a friendly rat
skeleton.

Vanquished Creatures
  9 adders
  2 giant geckos (D:2)
  An ooze (D:1)
  4 orcs (D:3)
  2 giant cockroaches
  9 hobgoblins
  10 jackals
  2 quokkas
  A ball python (D:2)
  6 bats
  6 giant newts
  3 goblins (D:2)
  7 kobolds
  13 rats
75 creatures vanquished.

Vanquished Creatures (collateral kills)
  2 worms (D:2)
  2 bats
  A hobgoblin (D:2)
  A jackal (D:3)
  2 rats (D:1)
8 creatures vanquished.

Vanquished Creatures (others)
  A bat skeleton (D:2)
  A giant newt zombie (D:4)
  A goblin skeleton (D:2)
  3 hobgoblin skeletons (D:1)
  A jackal skeleton (D:1)
  3 kobold skeletons
  A rat skeleton (D:2)
11 creatures vanquished.

Grand Total: 94 creatures vanquished

Notes
Turn   | Place    | Note
--------------------------------------------------------------
     0 | D:1      | RedPan, the Vampire Necromancer, began the quest for the Orb.
     0 | D:1      | Reached XP level 1. HP: 13/13 MP: 3/3
    45 | D:1      | Learned a level 1 spell: Animate Skeleton
   261 | D:1      | Reached XP level 2. HP: 17/19 MP: 3/5
  1213 | D:2      | Reached XP level 3. HP: 20/24 MP: 5/8
  1864 | D:2      | Reached XP level 4. HP: 18/30 MP: 3/10
  2042 | D:2      | Learned a level 4 spell: Animate Dead
  2046 | D:2      | Learned a level 3 spell: Vampiric Draining
  2526 | D:3      | Reached skill level 5 in Necromancy
  3273 | D:4      | Reached XP level 5. HP: 30/35 MP: 4/13
  3717 | D:3      | Killed from afar by an orc wizard

Action                   |  1- 3 |  4- 6 || total
-------------------------+-------+-------++-------
Melee: Dagger            |     7 |       ||     7
       Spear             |    16 |   109 ||   125
Throw: Tomahawk          |     2 |       ||     2
 Cast: Pain              |    54 |    50 ||   104
       Animate Skeleton  |    12 |     7 ||    19
       Animate Dead      |       |     3 ||     3
       Vampiric Draining |       |     2 ||     2
Evoke: Wand              |       |     4 ||     4
  Use: Scroll            |       |     3 ||     3
       Potion            |       |     2 ||     2
 Stab: Sleeping          |     1 |     4 ||     5
       Distracted        |     1 |     1 ||     2
